 Dungeon Crawl Stone Soup version 0.31.0-12-g77e489cdc1 (webtiles) character file.

Game seed: 13575544373469860130

265 Silvore the Trooper (level 5, 0/46 HPs)
             Began as a Demigod Fighter on Feb 21, 2024.
             Slain by a gnoll
             ... wielding a +0 flail
             ... led by a gnoll bouda
              (8 damage)
             ... on level 4 of the Dungeon.
             The game lasted 00:03:24 (2830 turns).

Silvore the Trooper (Demigod Fighter)               Turns: 2830, Time: 00:03:25

Health: 0/46       AC:  6    Str: 17    XL:     5   Next: 66%
Magic:  7/7        EV:  9    Int: 10    God:
Gold:   121        SH:  5    Dex: 17    Spells: 4/4 levels left

rFire   . . .        a - +0 long sword
rCold   . . .        c - +0 buckler
rNeg    . . .        b - +0 scale mail
rPois   +            (no helmet)
rElec   .            (no cloak)
rCorr   .            (no gloves)
SInv    .            (no boots)
Will    .....        (no amulet) Stlth
                     k - ring of poison resistance
HPRegen 0.27/turn    (no ring)
MPRegen 0.10/turn

%: no passive effects
@: mighty
A: high MP 1, forlorn, divine attributes
a: no special abilities


You were on level 4 of the Dungeon.
You visited 1 branch of the dungeon, and saw 4 of its levels.

You collected 121 gold pieces.

Inventory:

Hand Weapons
 a - a +0 long sword (weapon)
Armour
 b - a +0 scale mail (worn)
 c - a +0 buckler (worn)
Jewellery
 k - a ring of poison resistance (left hand)
 l - a ring of willpower
Wands
 p - a wand of roots (7)
Potions
 e - a potion of curing
 f - a potion of attraction
 g - a potion of resistance {unknown}
 i - a potion of degeneration
 j - a potion of brilliance
 m - a potion of mutation {unknown}


   Skills:
 + Level 4.0 Fighting
 + Level 3.8 Long Blades
 + Level 3.4 Armour
 + Level 0.8 Dodging
 + Level 3.1 Shields


You had 4 spell levels left.
You didn't know any spells.
Your spell library was empty.

Dungeon Overview and Level Annotations

Branches:
Dungeon (4/15)             Temple (0/1) D:4

Shops:
D:1 (   D:2 :(


Innate Abilities, Weirdness & Mutations

You have an increased reservoir of magic. (+10% MP)
You shall have no god before yourself.
Your divine heritage dramatically boosts your attributes as you level up.


Message History

The hound barely misses you.
A gnoll comes into view. It is wielding a +0 whip.
The gnoll bouda gazes fiercely through you!
You feel your attacks grow feeble. You block the hound's attack.
You feel very mighty all of a sudden.
The gnoll shouts!
You hear a shout!
You hear an angry hiss.
The hound barely misses you.
The gnoll hits you from afar with a +0 halberd!
The gnoll bouda hits you with a +0 whip.
You hit the hound.
The hound is lightly wounded.
You block the hound's attack. The adder bites you but does no damage.
A gnoll comes into view. It is wielding a +0 spear.
The gnoll barely misses you. The hound misses you.
The gnoll bouda barks out a call to the hunt!
The gnolls pick up the pace!
The adder bites you but does no damage.
You closely miss the adder. You block the hound's attack.
The gnoll bouda closely misses you. The adder bites you but does no damage.
The gnoll hits you from afar with a +0 halberd.
You block the hound's attack.
You hit the adder.
The adder is heavily wounded.
The adder barely misses you. The hound bites you but does no damage.
You block the gnoll's attack. The gnoll barely misses you.
The gnoll hits you but does no damage. The adder bites you but does no damage.
The hound closely misses you.
The gnoll hits you from afar with a +0 halberd!
The gnoll bouda completely misses you.
You slash the adder!
You kill the adder!
Your attacks no longer feel as feeble.
The hound closely misses you. The gnoll hits you with a +0 flail.
The gnoll hits you from afar with a +0 spear.
The gnoll bouda closely misses you.
The gnoll hits you from afar with a +0 halberd!
* * * LOW HITPOINT WARNING * * *
The hound barely misses you. The gnoll hits you with a +0 flail!
You die...

******,******* #..#...##..... ***
*,* #..#.......... ,,** *,*
###..##.....###. *,,* *,*
#............... **,* *,*
#$#......#######
**,***,******#####.##..........,,
,,,,,,,,,,,,,.............>####,*
**,***,**#########......##.# *,*
**,,,*,,,....gg.@h....#.#*.# *,*
,,,,,,,,,....gggg†....#.#*.# *,*
,,,,,,,,,...#########.#.#*.# *,*
*,******,#*,********#.#h#*,* *,*
*********,,,,,,,,,,,..S..,,* *,*
~∩~~~~~~~,,,********....**** *,*
*********,*,* *,,,,,....* *,,
*,*,* *,,,,,,,#.#*****,*
*,,,****,,***,,*,,,,,,,,,


You could see a gnoll bouda, a hound and 5 gnolls.

Vanquished Creatures
  A sleepcap (D:3)
  Jessica (D:2)
  Natasha (twice) (D:2)
  An orc wizard (D:3)
  8 adders
  A dart slug (D:2)
  2 ribbon worms (D:2)
  7 orcs (D:3)
  4 endoplasms
  6 giant cockroaches
  3 hobgoblins
  4 jackals (D:2)
  A quokka (D:1)
  6 ball pythons
  A bat (D:1)
  4 frilled lizards
  8 goblins
  10 rats
70 creatures vanquished.

Notes
Turn   | Place    | Note
-------+----------+-------------------------------------------
     0 | D:1      | Silvore the Demigod Fighter began the quest for the Orb.
     0 | D:1      | Reached XP level 1. HP: 18/18 MP: 3/3
   118 | D:1      | Found Umossyto's Weapon Shop.
   204 | D:1      | Reached skill level 3 in Fighting
   563 | D:1      | Reached XP level 2. HP: 26/26 MP: 4/4
   984 | D:2      | Found Waistaoc's Weapon Shoppe.
  1004 | D:2      | Noticed Jessica
  1006 | D:2      | Reached XP level 3. HP: 4/31 MP: 5/5
  1012 | D:2      | Killed Jessica
  1276 | D:2      | Reached XP level 4. HP: 19/38 MP: 6/6
  1425 | D:2      | Found Homaje's Book Shop.
  1432 | D:2      | Noticed Natasha
  1440 | D:2      | Killed Natasha
  1681 | D:2      | Noticed Natasha
  1691 | D:2      | Killed Natasha
  1932 | D:3      | Reached XP level 5. HP: 44/46 MP: 7/7
  2244 | D:3      | Reached skill level 4 in Fighting
  2830 | D:4      | Slain by a gnoll

Illustrated notes

Levels and vault maps discovered:
D:1:      dpeg_arrival_prison, layout_basic, serial_glass, glass_columns_b,
          glass_columns_a, chequers_ecumenical_altar_simple, serial_shops, shop
D:2:      layout_rooms, serial_shops, nicolae_shop_tiny_statue_garden,
          nicolae_square_shop, uniq_natasha, uniq_jessica
D:3:      layout_loops_ring, mainiacjoe_overflow_paths
D:4:      layout_basic, minmay_temple_entry_statues, portal_sewer_entry_d,
          uniq_sigmund

Skill      XL: |  1  2  3  4  5 |
---------------+----------------+-----
Fighting       | 3 4 |  4.0
Long Blades    | 2 3 |  3.8
Armour         | 3 |  3.4
Shields        | 3 |  3.1
Dodging        | |  0.8

Action                     |  1- 3 |  4- 6 || total
---------------------------+-------+-------++-------
  Melee: Long sword        |   108 |   146 ||   254
    Use: Scroll            |     3 |     6 ||     9
         Potion            |       |     3 ||     3
 Armour: Scale mail        |   103 |   167 ||   270
  Dodge: Dodged            |    76 |   107 ||   183
  Block: Buckler           |    37 |    57 ||    94
